AoeStats
← Malelf

Arabia

508301037Analyzed
1v1 RM · 10d ago on Sep 21, 2026· 29m 39s· 2 players
Game mode
Random Map
Map size
Tiny (2 player)
Population
200
Speed
Normal
Resources
Standard
Victory
Conquest
Starting age
Dark Age
Ending age
Imperial Age
RankedLock teamsTeams togetherTeam positionsShared explorationLock speedFull tech treeHidden civsTurbo modeCheats
Victory
Defeat
🇦🇷 Sicilians · Argentina
1795
+13
🇮🇹 Malay · Italy
1725
-13
Malelf
8:21 Loom
11:12 Feudal Age
15:21 Castle Age
15:32 Gold Mining
23:22 Double-Bit Axe
Elbaero
5:37 Loom
5:41 Loom
8:41 Feudal Age
10:15 Double-Bit Axe
13:09 Town Watch
16:39 Wheelbarrow
21:13 Castle Age
19:06 Fletching
21:54 Bodkin Arrow
22:30 Bow Saw
26:09 Padded Archer Armor
26:32 Ballistics
Connection lost

Rejoining the realm…

Still unreachable

The connection could not be restored.

Session expired

The server has moved on; the page needs a fresh start.